 Dungeon Crawl Stone Soup version 0.27-a0-1090-gb115f17 (webtiles) character file.

Game seed: 13133123773322190960

3348 Illumine the Cleaver (level 10, 0/79 HPs)
             Began as a Formicid Fighter on Apr 27, 2021.
             Was a Follower of Makhleb.
             Slain by a hornet (11 damage)
             ... on level 8 of the Dungeon.
             The game lasted 00:06:40 (7679 turns).

Illumine the Cleaver (Formicid Fighter)             Turns: 7679, Time: 00:06:40

Health: 0/79       AC: 15    Str: 24    XL:     10   Next: 22%
Magic:  13/13      EV:  5    Int:  8    God:    Makhleb [*.....]
Gold:   223        SH: 17    Dex: 10    Spells: 9/9 levels left

rFire    . . .     SeeInvis +   a - +0 war axe
rCold    . . .     Faith    .   i - +0 tower shield
rNeg     . . .     Spirit   .   o - +0 plate armour
rPois    .         Reflect  .   (helmet unavailable)
rElec    .         Harm     .   (no cloak)
rCorr    .         Rampage  .   s - +0 pair of gloves
Will     +....                  z - +0 pair of boots
Stlth    ..........             (no amulet)
HPRegen  0.23/turn              (no ring)
MPRegen  0.13/turn              (no ring)

@: no status effects
A: permanent stasis, dig shafts and tunnels, antennae 3, four strong arms
a: Dig, Shaft Self, Renounce Religion


You were on level 8 of the Dungeon.
You worshipped Makhleb.
Makhleb was aware of your devotion.
You visited 2 branches of the dungeon, and saw 9 of its levels.

You collected 223 gold pieces.

Inventory:

Hand Weapons
 a - a +0 war axe (weapon)
Armour
 b - a +0 scale mail
 i - a +0 tower shield (worn)
 o - a +0 plate armour (worn)
 s - a +0 pair of gloves (worn)
 z - a +0 pair of boots (worn)
Jewellery
 k - a +6 ring of intelligence
 y - a ring of ice
 G - a ring of ice
Wands
 C - a wand of paralysis (12)
 D - a wand of iceblast (7)
 F - a wand of flame (12)
Scrolls
 e - 2 scrolls of teleportation {unknown}
 f - 3 scrolls of identify {unknown}
 h - a scroll of fog {unknown}
 l - a scroll of fear {unknown}
 m - a scroll of magic mapping {unknown}
 q - 3 scrolls of amnesia {unknown}
 A - 2 scrolls of noise {unknown}
 B - 2 scrolls of vulnerability {unknown}
 E - a scroll of acquirement {unknown}
 H - 3 scrolls of enchant armour {unknown}
Potions
 c - a potion of haste {unknown}
 d - a potion of might
 g - a potion of magic {unknown}
 n - a potion of curing
 p - a potion of resistance {unknown}
 r - a potion of invisibility {unknown}
 t - 2 potions of degeneration {unknown}
 u - 2 potions of flight {unknown}
 v - 2 potions of mutation {unknown}
 w - a potion of berserk rage {unknown}
 x - a potion of ambrosia {unknown}


   Skills:
 + Level 7.2 Fighting
 * Level 8.7 Axes
 + Level 7.0 Armour
 + Level 1.4 Dodging
 + Level 8.0 Shields
 + Level 4.2 Invocations


You had 9 spell levels left.
You didn't know any spells.
Your spell library was empty.

Dungeon Overview and Level Annotations

Branches:
Dungeon (8/15)             Temple (1/1) D:5            Lair (0/6) D:8

Altars:
Fedhas
Hepliaklqana
Kikubaaqudgha
Makhleb
Nemelex Xobeh
Vehumet
Wu Jian
The Shining One

Annotations:
D:7 Joseph


Innate Abilities, Weirdness & Mutations

You cannot be hasted, slowed, berserked, paralysed or teleported.
You can dig through walls and to a lower floor.
You have a pair of large antennae on your head. (SInv)
Your four strong arms can wield two-handed weapons with a shield.


Message History

You block the bullfrog's attack.
You slash the bullfrog!
The bullfrog is almost dead.
You block the bullfrog's attack. x2
You closely miss the bullfrog.
The bullfrog is almost dead.
You block the bullfrog's attack. x2
You hit the bullfrog.
You kill the bullfrog!
Makhleb accepts your kill. You block the hornet's attack.
You closely miss the hornet.
The hornet stings you but does no damage.
You block the hornet's attack.
You closely miss the hornet. The hornet barely misses you.
You block the hornet's attack.
You slash the hornet!
The hornet is moderately wounded.
The hornet stings you but does no damage.
You block the hornet's attack.
You barely miss the hornet.
The hornet is moderately wounded.
The hornet stings you!
* * * LOW HITPOINT WARNING * * *
You are poisoned.
Your stasis prevents you from being slowed.
You barely miss the hornet.
The hornet is moderately wounded.
You feel very sick. You block the hornet's attack. The hornet stings you!
* * * LOW HITPOINT WARNING * * *
Your stasis prevents you from being paralysed.
* * * LOW HITPOINT WARNING * * *
You feel sick. You block the hornet's attack.
It was a potion of curing.
You feel better.
The hornet stings you but does no damage.
You slash the hornet!
The hornet is severely wounded.
The hornet stings you!
You die...

#..# {
####..##........ #..#
###..##...........
#..#
##..##.##..........
{#..
#.#####.#.#........
{#.##
#.#..##)#.#...#####
#.## ##(##.##..#...#
#.#)##..#.#.###.#...#
#..#.#####.##.
#.#...# #..###.##y@##
.##.#...# #..#
##.(### ##... #..#
#### { ... #.## ..##
.. ..##


You could see a hornet.

Vanquished Creatures
  A hornet (D:8)
  Sigmund (D:3)
  A steam dragon (D:8)
  3 ice beasts
  4 sky beasts
  2 black bears
  A necrophage (D:5)
  2 centaurs
  A hornet zombie (D:8)
  An ogre (D:3)
  2 kobold brigands
  A phantom (D:6)
  5 bullfrogs
  A wyvern zombie (D:6)
  4 scorpions (D:5)
  4 killer bees (D:5)
  3 wights (D:7)
  2 jellies
  A bullfrog skeleton (D:6)
  2 centaur skeletons (D:6)
  An orc priest (D:4)
  A gnoll shaman (D:6)
  An iguana (D:4)
  2 orc wizards (D:4)
  A hound zombie (D:5)
  Robin (D:3)
  3 gnolls (D:6)
  7 adders
  A white imp (D:6)
  An ufetubus (D:5)
  2 dart slugs
  15 orcs
  5 bats
  3 endoplasms (D:1)
  4 giant cockroaches
  16 goblins
  13 hobgoblins
  6 jackals (D:4)
  3 quokkas
  5 ball pythons
  4 frilled lizards
  14 kobolds
  2 orc zombies (D:5)
  2 rats (D:2)
155 creatures vanquished.

Notes
Turn   | Place    | Note
-------+----------+-------------------------------------------
     0 | D:1      | Illumine the Formicid Fighter began the quest for the Orb.
     0 | D:1      | Reached XP level 1. HP: 18/18 MP: 1/1
   323 | D:1      | Reached XP level 2. HP: 24/24 MP: 2/2
   768 | D:1      | Found a faded altar of an unknown god.
   799 | D:1      | Reached XP level 3. HP: 22/29 MP: 3/3
  1838 | D:2      | You fall into a shaft and drop 1 floor!
  1963 | D:4      | Reached XP level 4. HP: 31/37 MP: 4/4
  2226 | D:4      | Noticed a black bear
  2254 | D:3      | Noticed an ogre
  2264 | D:3      | Killed an ogre
  2265 | D:3      | Reached XP level 5. HP: 30/42 MP: 5/5
  2581 | D:3      | Noticed Robin
  2620 | D:3      | Killed Robin
  2621 | D:3      | Reached XP level 6. HP: 15/48 MP: 6/6
  2920 | D:3      | Noticed Sigmund
  2935 | D:3      | Killed Sigmund
  2936 | D:3      | Reached skill level 5 in Shields
  2944 | D:3      | Reached XP level 7. HP: 24/55 MP: 7/7
  3383 | D:4      | Reached skill level 5 in Axes
  3763 | D:4      | Reached skill level 5 in Fighting
  4151 | D:5      | Entered Level 5 of the Dungeon
  4294 | D:5      | Reached XP level 8. HP: 40/62 MP: 8/8
  4440 | D:5      | Reached skill level 5 in Armour
  5206 | D:5      | Found a staircase to the Ecumenical Temple.
  5270 | Temple   | Entered the Ecumenical Temple
  5365 | Temple   | Became a worshipper of Makhleb the Destroyer
  5460 | D:5      | Reached XP level 9. HP: 66/69 MP: 9/9
  5468 | D:5      | Reached skill level 1 in Invocations
  6104 | D:6      | Found a radiant altar of Vehumet.
  6272 | D:6      | Reached * piety under Makhleb
  6409 | D:6      | Found a hazy altar of Hepliaklqana.
  7037 | D:7      | Noticed Joseph
  7054 | D:7      | You fall into a shaft and drop 1 floor!
  7054 | D:8      | Found a staircase to the Lair.
  7529 | D:8      | Reached XP level 10. HP: 77/77 MP: 12/12
  7649 | D:8      | Reached skill level 1 in Dodging
  7655 | D:8      | HP: 3/79 [poisoned by a hornet]
  7662 | D:8      | HP: 2/79 [steam dragon/ball of steam (14)]
  7679 | D:8      | Slain by a hornet

Illustrated notes

Levels and vault maps discovered:
D:1:      dpeg_cavernosity, layout_basic, hellmonk_ecumenical_altar_zigzags,
          minmay_cupped
D:2:      layout_basic
D:3:      layout_basic, uniq_robin, uniq_sigmund
D:4:      minmay_angry_zag, layout_rooms, zin_scriptorium,
          gammafunk_ghost_cemetery
D:5:      layout_rooms, temple_statues, nicolae_ossuary_entry_catacombs
D:6:      layout_loops_ring, worldfamousw_hep_ancestral_shrine,
          vehumet_altar_wand_db
D:7:      layout_rooms, nicolae_sif_muna_condensation, lemuel_flamethrower_1,
          uniq_pikel, uniq_crazy_yiuf_cottage, uniq_joseph
D:8:      minmay_the_grid_octo_2x2 [minmay_the_grid_octo_fan_narrow,
          minmay_the_grid_octo_thin_diamonds, minmay_the_grid_octo_clover_2,
          minmay_the_grid_octo_prize_big_c], layout_basic,
          nicolae_overflow_hidden_temple, hangedman_abyss_or_decor_stabs
Temple:   nicolae_temple_great_sept

Skill      XL: |  1  2  3  4  5  6  7  8  9 10 |
---------------+-------------------------------+-----
Shields        | 4 5 6 7 8 |  8.0
Axes           | 3 4 5 6 8 |  8.7
Fighting       | 4 5 6 7 |  7.2
Armour         | 4 5 6 7 |  7.0
Invocations    | 3 4 |  4.2
Dodging        | 1 |  1.4

Action                   |  1- 3 |  4- 6 |  7- 9 | 10-12 || total
-------------------------+-------+-------+-------+-------++-------
Melee: War axe           |    82 |    88 |   418 |    55 ||   643
 Abil: Dig               |       |     1 |       |       ||     1
       Shaft Self        |       |       |     1 |       ||     1
Evoke: Wand              |       |       |     7 |       ||     7
  Use: Potion            |       |       |     1 |     4 ||     5
Armor: Scale mail        |    44 |     2 |       |       ||    46
       Plate armour      |       |    61 |   289 |    44 ||   394
Dodge: Dodged            |    29 |    16 |    65 |     7 ||   117
Block: Kite shield       |    33 |       |       |       ||    33
       Tower shield      |    33 |   107 |   479 |    61 ||   680

Table legend: (Time is in decaauts)
 A = Elapsed time spent in this place.
 B = Non-inter-level travel time spent in this place.
 C = Inter-level travel time spent in this place.
 D = Time resting spent in this place.
 E = Time spent auto-exploring this place.
 F = Levels seen in this place.
 G = Mean time per level.
                   A        B        C        D        E       F      G
               +--------+--------+--------+--------+--------+-----+--------+
         Total |   7997 |   7770 |    227 |   1137 |   5081 |   9 |  888.6 |
       Dungeon |   7889 |   7673 |    216 |   1137 |   4995 |   8 |  986.1 |
        Temple |    107 |     96 |     11 |      0 |     86 |   1 |  107.0 |
               +--------+--------+--------+--------+--------+-----+--------+

Top non-repeatable levels by time:
     D:1: 1600 daAuts
     D:5: 1549 daAuts
     D:6: 1327 daAuts
     D:3: 1304 daAuts
     D:4: 1124 daAuts
     D:8: 651 daAuts
     D:2: 286 daAuts
  Temple: 107 daAuts
     D:7: 44 daAuts
